 Dungeon Crawl Stone Soup version 0.20.0-15-g7f486f2 (webtiles) character file.

18 miragecloak the Skirmisher (level 2, 0/24 HPs)
             Began as a Formicid Abyssal Knight on June 26, 2017.
             Was a Follower of Lugonu.
             Slain by a giant cockroach (2 damage)
             ... on level 2 of the Dungeon.
             The game lasted 00:01:00 (845 turns).

miragecloak the Skirmisher (Formicid Abyssal Knight) Turns: 845, Time: 00:01:00

Health: 0/24       AC:  1    Str: 16    XL:     2   Next: 85%
Magic:  3/3        EV: 11    Int: 11    God:    Lugonu [*.....]
Gold:   37         SH:  0    Dex: 10    Spells: 1/1 levels left

rFire    . . .     SeeInvis +   a - +1 mace
rCold    . . .     Gourm    .   (no shield)
rNeg     . . .     Faith    .   b - +0 leather armour
rPois    .         Spirit   .   (helmet unavailable)
rElec    .         Reflect  .   (no cloak)
rCorr    .         Harm     .   (no gloves)
MR       .....                  (no boots)
Stlth    +.........             i - amulet of magic regeneration
Regen    0.1/turn               g - -2 ring of protection (curse)
MPRegen  0.2/turn               (no ring)

@: no status effects
A: permanent stasis, dig shafts and tunnels, four strong arms, antennae 3
a: Dig, Shaft Self, Depart the Abyss, Renounce Religion


You were on level 2 of the Dungeon.
You worshipped Lugonu.
Lugonu was aware of your devotion.
You were not hungry.

You visited 1 branch of the dungeon, and saw 2 of its levels.
You visited the Abyss 1 time.

You collected 37 gold pieces.

Inventory:

Hand Weapons
 a - a +1 mace (weapon)
Armour
 b - a +0 leather armour (worn)
Jewellery
 g - a cursed -2 ring of protection (left hand)
 i - an amulet of magic regeneration (around neck)
Scrolls
 e - a scroll of teleportation {unknown}
 f - 2 scrolls of identify {unknown}
 j - a scroll of blinking {unknown}
 m - a scroll of recharging {unknown}
Potions
 h - a potion of ambrosia {unknown}
 k - a potion of haste {unknown}
Comestibles
 c - 5 bread rations
 d - a meat ration


   Skills:
 - Level 3.2 Fighting
 + Level 3.1 Maces & Flails
 - Level 2.1 Armour
 - Level 0.8 Dodging
 - Level 2.1 Invocations


You had one spell level left.
You didn't know any spells.

Dungeon Overview and Level Annotations

Branches:
Dungeon (2/15)

Altars:


Innate Abilities, Weirdness & Mutations

You cannot be hasted, slowed, berserked, paralysed or teleported.
You can dig through walls and to a lower floor.
Your four strong arms can wield two-handed weapons with a shield.
You have a pair of large antennae on your head. (SInv)


Message History

The worm is severely wounded.
The worm barely misses you. The giant cockroach bites you.
You hit the worm.
The worm is almost dead.
The giant cockroach bites you. The worm bites you!
* * * LOW HITPOINT WARNING * * *
You are too injured to fight recklessly!
You are too injured to fight recklessly!
There are monsters nearby!
There are monsters nearby!
There are monsters nearby!
The giant cockroach bites you but does no damage.
The bat hits you but does no damage. The bat closely misses you.
The bat hits you.
* * * LOW HITPOINT WARNING * * *
You hit the bat.
You kill the bat!
Lugonu accepts your kill. The giant cockroach bites you.
You die...

#......#.#.>.#..#
.#..
#......'.#...#..# .#.
#......###...#... ..#
{
#####.#....###.####..
#.##.#.#. #...
#.##.#.#.####..##.##
#.##.#.#...##{.....#
#.##.#.###.##.####..#
#.##.#.....@s..$.#
#....#.##.###†##.#
#########...#... #
###.##### .# #


You could see a giant cockroach.

Vanquished Creatures
  A dart slug (D:1)
  5 bats
  3 giant cockroaches (D:1)
  A goblin (D:1)
  2 hobgoblins (D:1)
  2 rats
14 creatures vanquished.

Notes
Turn   | Place    | Note
-------+----------+-------------------------------------------
     0 | Abyss:1  | miragecloak the Formicid Abyssal Knight began the quest for the Orb.
     0 | Abyss:1  | Reached XP level 1. HP: 18/18 MP: 2/2
    38 | Abyss:1  | Noticed an ancient zyme
    39 | D:1      | Escaped the Abyss
    48 | D:1      | Reached * piety under Lugonu
   173 | D:1      | Reached XP level 2. HP: 23/24 MP: 3/3
   845 | D:2      | Slain by a giant cockroach

Skill      XL: |  1  2 |
---------------+-------+-----
Maces & Flails | 3 |  3.1
Fighting       | |  3.2
Armour         | |  2.1
Dodging        | |  0.8
Invocations    | |  2.1

Action                   || total
-------------------------++-------
Melee: Mace              ||    45
Invok: Depart the Abyss  ||     1
Armor: Leather armour    ||    13
       Plate armour      ||     9
Dodge: Dodged            ||    28
